[Event "Titled Tuesday Blitz July 25 Late 2023"]
[White "Martinez Alcantara, Jose Eduardo"]
[Black "Erigaisi Arjun"]
[WhiteFideId "3805662"]
[BlackFideId "35009192"]
[WhiteElo "3006"]
[BlackElo "3092"]
[Result "1-0"]
[Round "8"]
[TimeControl "180+2"]
[Date "2023.07.25"]
[WhiteClock "0:00:06"]
[BlackClock "0:00:16"]
[Board "4"]

1. e4 d6 2. d4 g6 3. c3 Bg7 4. Bd3 Nc6 5. Nf3 e5 6. Be3 Bg4 7. dxe5 Nxe5 8. Be2 Nxf3+ 9. Bxf3 Bxf3 10. Qxf3 Ne7 11. Nd2 O-O 12. O-O Nc6 13. h3 Qd7 14. Rfe1 Rae8 15. Rad1 Qe6 16. a3 a5 17. Qe2 f5 18. exf5 Rxf5 19. Nf3 Qf7 20. Nh2 Ne5 21. Qc2 b5 22. a4 b4 23. cxb4 axb4 24. b3 g5 25. a5 h5 26. a6 g4 27. hxg4 hxg4 28. a7 Rh5 29. Qe4 d5 30. Qf4 Rf5 31. Qg3 Qh5 32. Bd4 Kf7 33. Re3 Rh8 34. Rde1 Nf3+ 35. gxf3 Bxd4 36. fxg4 Bxe3 37. Rxe3 Qh7 38. gxf5 Rg8 39. Ng4 Qh5 40. Qxc7+ 1-0


[Site "https://www.chess.com"]

[Event "Titled Tuesday Blitz July 25 Late 2023"]
[White "Fedoseev, Vladimir"]
[Black "Santos Latasa, Jaime"]
[WhiteFideId "24130737"]
[BlackFideId "2293307"]
[WhiteElo "3069"]
[BlackElo "3000"]
[Result "1-0"]
[Round "8"]
[TimeControl "180+2"]
[Date "2023.07.25"]
[WhiteClock "0:00:45"]
[BlackClock "0:00:03"]
[Board "5"]

1. g3 d5 2. Bg2 c6 3. Nf3 Bf5 4. c4 e6 5. Qb3 Qb6 6. O-O Nf6 7. d3 Nbd7 8. Qc2 h6 9. cxd5 exd5 10. Nc3 Be7 11. Be3 Qa6 12. Rfb1 c5 13. Nh4 Be6 14. d4 O-O 15. Nf5 Bxf5 16. Qxf5 Rad8 17. Rd1 cxd4 18. Bxd4 Nb6 19. a4 Qa5 20. e4 g6 21. Qe5 Rfe8 22. exd5 Nc4 23. Qf4 Nh5 24. Qxh6 Bf6 25. Ne4 Bxd4 26. Rxd4 Nxb2 27. g4 Qa6 1-0


[Site "https://www.chess.com"]

[Event "Titled Tuesday Blitz July 25 Late 2023"]
[White "Xiong, Jeffery"]
[Black "Bluebaum, Matthias"]
[WhiteFideId "2047640"]
[BlackFideId "24651516"]
[WhiteElo "2982"]
[BlackElo "3050"]
[Result "1/2-1/2"]
[Round "8"]
[TimeControl "180+2"]
[Date "2023.07.25"]
[WhiteClock "0:00:16"]
[BlackClock "0:00:12"]
[Board "6"]

1. e4 e6 2. d4 d5 3. exd5 exd5 4. Nf3 Nc6 5. Nc3 a6 6. Bd3 Nb4 7. O-O Bd6 8. Re1+ Ne7 9. Bf1 Bf5 10. Re2 O-O 11. h3 h6 12. a3 Nbc6 13. Re1 Qd7 14. Nh4 Bh7 15. Bd3 Bxd3 16. Qxd3 Rae8 17. Bd2 Nd8 18. Re2 c6 19. Rae1 Ne6 20. Nf3 Ng6 21. g3 Nc7 22. Kg2 Rxe2 23. Nxe2 Re8 24. Nc1 Rxe1 25. Nxe1 Qe7 26. Qe2 Qxe2 27. Nxe2 Ne6 28. Nd3 Ne7 29. Bb4 Nf5 30. g4 Nh4+ 31. Kf1 Bc7 32. f4 f5 33. Kf2 g5 34. Bd2 Kf7 35. Nc5 Nxc5 36. dxc5 gxf4 37. Bxf4 Bxf4 38. Nxf4 fxg4 39. hxg4 Ng6 40. Nxg6 Kxg6 41. c3 a5 42. a4 Kg5 43. Kg3 Kf6 44. Kf4 Kg6 45. Kf3 Kg5 46. Kg3 Kf6 47. Kf4 Kg6 48. Kf3 Kg5 49. Kg3 1/2-1/2


[Site "https://www.chess.com"]

[Event "Titled Tuesday Blitz July 25 Late 2023"]
[White "Sjugirov, Sanan"]
[Black "Duda, Jan-Krzysztof"]
[WhiteFideId "4189302"]
[BlackFideId "1170546"]
[WhiteElo "2954"]
[BlackElo "3039"]
[Result "0-1"]
[Round "8"]
[TimeControl "180+2"]
[Date "2023.07.25"]
[WhiteClock "0:00:02"]
[BlackClock "0:00:52"]
[Board "7"]

1. e4 c6 2. d4 d5 3. Nc3 dxe4 4. Nxe4 Bf5 5. Ng3 Bg6 6. Nf3 e6 7. Bd3 Bxd3 8. Qxd3 Nf6 9. O-O Be7 10. Bf4 O-O 11. Rad1 a5 12. c4 a4 13. Rfe1 Nbd7 14. Ne4 Nxe4 15. Qxe4 Re8 16. Qc2 Qa5 17. Ne5 Nxe5 18. Rxe5 Qb6 19. Rh5 g6 20. Rh3 Bf6 21. Be5 Bxe5 22. dxe5 Qc5 23. Qe4 Red8 24. Rhd3 Rxd3 25. Rxd3 b5 26. Rd4 Rb8 27. h4 bxc4 28. Rxc4 Qd5 29. Qf4 Rxb2 30. Rd4 Qa5 31. Rxa4 Qe1+ 32. Kh2 Rxf2 33. Qg3 h5 34. Rc4 Qf1 35. Rxc6 Rxa2 36. Rc8+ Kg7 37. Qg5 Ra1 38. Qd8 Qg1+ 39. Kg3 Ra3+ 40. Kf4 Qe3# 0-1


[Site "https://www.chess.com"]

[Event "Titled Tuesday Blitz July 25 Late 2023"]
[White "Grischuk, Alexander"]
[Black "Fressinet, Laurent"]
[WhiteFideId "4126025"]
[BlackFideId "608742"]
[WhiteElo "3034"]
[BlackElo "2899"]
[Result "0-1"]
[Round "8"]
[TimeControl "180+2"]
[Date "2023.07.25"]
[WhiteClock "0:00:00"]
[BlackClock "0:00:01"]
[Board "8"]

1. d4 Nf6 2. Nf3 d5 3. Bg5 Ne4 4. Bh4 h5 5. h3 f6 6. Nfd2 Nd6 7. f4 Nf5 8. Bf2 c5 9. dxc5 Nc6 10. e4 dxe4 11. Nxe4 Qxd1+ 12. Kxd1 Be6 13. a3 O-O-O+ 14. Bd3 g6 15. Nbc3 Bh6 16. g4 hxg4 17. hxg4 Nfd4 18. g5 Bg7 19. Kd2 f5 20. Ng3 Bf7 21. Rxh8 Bxh8 22. Rh1 e5 23. fxe5 Bxe5 24. Nge2 Nf3+ 25. Kc1 Nxg5 26. Nb5 Bd5 27. Rh6 Rg8 28. Nd6+ Kb8 29. c4 Bf3 30. b4 Bxe2 31. Bxe2 Nf7 32. Rh7 Nxd6 33. cxd6 Bxd6 34. Bf3 Be5 35. Bd5 Rg7 36. Rh8+ Kc7 37. Re8 Ne7 38. Bf3 g5 39. Bxa7 Kd7 40. Rf8 g4 41. Bxb7 f4 42. b5 f3 43. Kc2 Ng6 44. Rf5 Ke6 45. Rg5 Nf4 46. Rxg7 Bxg7 47. Be4 f2 0-1


[Site "https://www.chess.com"]

[Event "Titled Tuesday Blitz July 25 Late 2023"]
[White "Bortnyk, Olexandr"]
[Black "Jaracz, Pawel"]
[WhiteFideId "14120828"]
[BlackFideId "1102222"]
[WhiteElo "3023"]
[BlackElo "2724"]
[Result "1-0"]
[Round "8"]
[TimeControl "180+2"]
[Date "2023.07.25"]
[WhiteClock "0:01:57"]
[BlackClock "0:00:21"]
[Board "9"]

1. d4 Nf6 2. Nc3 d5 3. Bf4 c6 4. e3 Qb6 5. Rb1 Bf5 6. Nf3 Nbd7 7. Bd3 e6 8. Bxf5 exf5 9. h3 Bb4 10. O-O O-O 11. Ne2 Ne4 12. c3 Be7 13. Qc2 Rfe8 14. c4 dxc4 15. Qxc4 Ndf6 16. Nc3 Qb4 17. Qd3 Rad8 18. Be5 c5 19. Rfd1 c4 20. Qc2 Qa5 21. Nxe4 fxe4 22. Nd2 Rc8 23. Bxf6 gxf6 24. Qxe4 Qxa2 25. Qxb7 Rb8 26. Qd7 Bb4 27. Ra1 Qxb2 28. Nxc4 Qc2 29. Rdc1 Qg6 30. Rxa7 Rec8 31. Rc7 Rd8 32. Qg4 Bf8 33. Rc6 Rdc8 34. Rxc8 Qxg4 35. Rxf8+ 1-0


[Site "https://www.chess.com"]

[Event "Titled Tuesday Blitz July 25 Late 2023"]
[White "Zhigalko, Sergei"]
[Black "Andreikin, Dmitry"]
[WhiteFideId "13502956"]
[BlackFideId "4158814"]
[WhiteElo "2889"]
[BlackElo "3033"]
[Result "1/2-1/2"]
[Round "8"]
[TimeControl "180+2"]
[Date "2023.07.25"]
[WhiteClock "0:00:06"]
[BlackClock "0:00:05"]
[Board "10"]

1. e4 c5 2. Nf3 Nc6 3. c3 Nf6 4. e5 Nd5 5. Bc4 e6 6. d4 cxd4 7. cxd4 d6 8. O-O Nb6 9. Bd3 Nb4 10. Bg5 Be7 11. Bxe7 Qxe7 12. Nc3 Bd7 13. Ne4 dxe5 14. dxe5 O-O 15. Nd6 Bc6 16. Nd4 Rad8 17. f4 Nc8 18. Nxc8 Rxc8 19. a3 Nxd3 20. Qxd3 Rfd8 21. Rac1 h6 22. Qe3 Rd5 23. f5 Qg5 24. Qxg5 hxg5 25. Nxc6 Rxc6 26. Rxc6 bxc6 27. fxe6 fxe6 28. Re1 Rb5 29. Rc1 c5 30. a4 Rxb2 31. Rxc5 Rb7 32. Ra5 Kf7 33. Kf2 Kg6 34. g4 Rb2+ 35. Kg3 Rb3+ 36. Kg2 Rb2+ 37. Kg3 Rb3+ 38. Kg2 Rb2+ 39. Kg3 1/2-1/2


[Site "https://www.chess.com"]

[Event "Titled Tuesday Blitz July 25 Late 2023"]
[White "Dardha, Daniel"]
[Black "Sargsyan, Shant"]
[WhiteFideId "240990"]
[BlackFideId "13306766"]
[WhiteElo "2880"]
[BlackElo "2987"]
[Result "1-0"]
[Round "8"]
[TimeControl "180+2"]
[Date "2023.07.25"]
[WhiteClock "0:01:27"]
[BlackClock "0:00:41"]
[Board "11"]

1. d4 g6 2. h4 Nf6 3. Nc3 Bg7 4. e4 d5 5. e5 Ng8 6. h5 c6 7. Bd3 Nh6 8. Bg5 Qb6 9. Qd2 Nf5 10. h6 Bf8 11. Nge2 Na6 12. Bxa6 Qxa6 13. g4 Nxh6 14. Bxh6 Bxg4 15. Bxf8 Rxf8 16. Rxh7 b5 17. Qg5 Bf5 18. Ng3 Bxc2 19. e6 f6 20. Qd2 Bf5 21. Nxf5 gxf5 22. Qf4 b4 23. Qc7 1-0


[Site "https://www.chess.com"]

[Event "Titled Tuesday Blitz July 25 Late 2023"]
[White "Rasulov, Vugar"]
[Black "Kollars, Dmitrij"]
[WhiteFideId "13402390"]
[BlackFideId "12909572"]
[WhiteElo "2876"]
[BlackElo "2986"]
[Result "0-1"]
[Round "8"]
[TimeControl "180+2"]
[Date "2023.07.25"]
[WhiteClock "0:00:00"]
[BlackClock "0:00:13"]
[Board "12"]

1. d4 Nf6 2. c4 e6 3. Nc3 Bb4 4. e3 O-O 5. Ne2 Re8 6. a3 Bf8 7. Ng3 d5 8. Be2 dxc4 9. O-O a6 10. Bxc4 b5 11. Be2 Bb7 12. Bf3 Qc8 13. b4 Nbd7 14. Bb2 Nb6 15. Nce4 Nxe4 16. Nxe4 Nc4 17. Bc3 Bd5 18. Qc2 f5 19. Nc5 Bxf3 20. gxf3 Bxc5 21. dxc5 e5 22. Kh1 Qe6 23. Rg1 Rad8 24. a4 g6 25. axb5 axb5 26. Rg5 Kf7 27. Rag1 Ke7 28. h4 Qd5 29. e4 Qd3 30. Qxd3 Rxd3 31. Ba1 Rxf3 32. exf5 Rxf5 33. Rxf5 gxf5 34. Rg7+ Ke6 35. Bc3 Re7 36. Rg8 Rd7 37. Kg2 Rd3 38. Be1 Rd1 39. Kf1 f4 40. Ke2 Rb1 41. Bc3 Rc1 42. Kd3 e4+ 43. Kd4 e3 44. fxe3 fxe3 45. Kd3 Rd1+ 46. Ke2 Rh1 47. Rg7 Rh2+ 48. Kd3 e2 49. Rxc7 Rh3+ 50. Kxe2 Rxc3 51. Rxh7 Re3+ 52. Kf2 Rb3 53. h5 Rxb4 54. h6 Ne5 55. Rh8 Nf7 56. Re8+ Kd7 57. Rg8 Nxh6 58. Rg7+ Kc8 59. Rg6 Nf5 60. Rf6 Nd4 61. Ke3 Nb3 62. c6 Kc7 63. Kd3 Rc4 64. Rf7+ Kxc6 0-1


[Site "https://www.chess.com"]

[Event "Titled Tuesday Blitz July 25 Late 2023"]
[White "Matlakov, Maxim"]
[Black "Nguyen, Ngoc Truong Son"]
[WhiteFideId "4168003"]
[BlackFideId "12401110"]
[WhiteElo "2974"]
[BlackElo "2871"]
[Result "0-1"]
[Round "8"]
[TimeControl "180+2"]
[Date "2023.07.25"]
[WhiteClock "0:00:05"]
[BlackClock "0:00:56"]
[Board "13"]

1. e4 d6 2. d4 g6 3. Nc3 Bg7 4. Be3 a6 5. Qd2 b5 6. h4 h5 7. Nf3 Nd7 8. Ng5 Nb6 9. a4 b4 10. Nd5 Nxd5 11. exd5 a5 12. Bb5+ Bd7 13. c4 Nf6 14. f3 O-O 15. O-O-O Qc8 16. b3 Bxb5 17. axb5 a4 18. Kb2 axb3 19. Ra1 Qf5 20. Kxb3 Nxd5 21. g4 hxg4 22. fxg4 Qd7 23. cxd5 Qxb5 24. Qc2 Ra3+ 25. Rxa3 bxa3+ 26. Kc3 Qxd5 27. Rd1 Rb8 28. Qa4 a2 29. Ra1 c5 30. Kd3 Rb3+ 31. Kc2 Rxe3 32. Rxa2 Re2+ 33. Kd3 Rxa2 34. Qe8+ Bf8 35. Nh7 Qxd4# 0-1


[Site "https://www.chess.com"]

[Event "Titled Tuesday Blitz July 25 Late 2023"]
[White "Salimova, Nurgyul"]
[Black "Lenderman, Aleksandr"]
[WhiteFideId "2915138"]
[BlackFideId "2021285"]
[WhiteElo "2713"]
[BlackElo "2888"]
[Result "0-1"]
[Round "8"]
[TimeControl "180+2"]
[Date "2023.07.25"]
[WhiteClock "0:00:03"]
[BlackClock "0:02:00"]
[Board "14"]

1. Nf3 b6 2. d4 Bb7 3. g3 g6 4. Bg2 Bg7 5. O-O Nf6 6. c4 O-O 7. d5 e6 8. Nc3 Na6 9. e4 Nc5 10. Re1 exd5 11. cxd5 d6 12. Bf4 Re8 13. Qc2 a5 14. Rad1 Ng4 15. Nb5 Ne5 16. Nxe5 dxe5 17. Be3 Qd7 18. a4 Bf8 19. Nc3 Na6 20. Bf1 Nb4 21. Qc1 Ba6 22. Bb5 Bxb5 23. Nxb5 Na6 24. Qc6 Qxc6 25. dxc6 Re6 26. Rc1 Bc5 27. Bxc5 bxc5 28. Red1 Rxc6 29. Rd5 Re8 30. Rd7 Kf8 31. h4 Re7 32. Rd8+ Kg7 33. Ra8 Rd7 34. Kg2 Rd2 35. b3 Rf6 36. Rf1 Nb4 37. Nxc7 Kh6 38. Rxa5 Nd3 39. Nd5 Rfxf2+ 40. Rxf2 Rxf2+ 41. Kg1 Rf3 42. Kg2 Ne1+ 43. Kh2 Rf2+ 44. Kh3 Nf3 45. Rxc5 Ng1+ 46. Kg4 f5+ 47. exf5 gxf5# 0-1


[Site "https://www.chess.com"]

[Event "Titled Tuesday Blitz July 25 Late 2023"]
[White "Nihal Sarin"]
[Black "Tristan, Leonardo"]
[WhiteFideId "25092340"]
[BlackFideId "113816"]
[WhiteElo "3068"]
[BlackElo "2761"]
[Result "1-0"]
[Round "8"]
[TimeControl "180+2"]
[Date "2023.07.25"]
[WhiteClock "0:03:24"]
[BlackClock "0:00:17"]
[Board "15"]

1. e4 d5 2. exd5 Qxd5 3. Nc3 Qa5 4. d4 Nf6 5. Nf3 Bf5 6. Bc4 e6 7. O-O Bb4 8. Bd2 Nc6 9. a3 Bxc3 10. Bxc3 Qb6 11. Bb3 O-O 12. Re1 Rad8 13. h3 Rfe8 14. Qe2 h6 15. Rad1 Be4 16. Ne5 Bd5 17. Ba4 Rf8 18. Bxc6 Bxc6 19. Bb4 Rfe8 20. Bc5 Qb5 21. c4 Qa6 22. Rd3 Nd7 23. Rg3 Nf6 24. Qe3 Nh5 25. Rg4 Nf6 26. Rh4 Nd7 27. Ng4 Nxc5 28. Nxh6+ Kf8 29. Nf5 f6 30. Nxg7 Ne4 31. Nxe8 Kxe8 32. Rxe4 Bxe4 33. Qxe4 Qxc4 34. Qxe6+ Qxe6 35. Rxe6+ Kf7 36. Re4 f5 37. Rf4 Ke6 38. g4 fxg4 39. hxg4 Kd5 40. Kg2 Kc4 41. Rf3 Rxd4 42. Kg3 c5 43. g5 b5 44. Rf4 Kb3 45. Rxd4 cxd4 46. g6 d3 47. g7 d2 48. g8=Q+ Kc2 49. Qg6+ Kc1 50. Qc6+ Kb1 51. Qd5 Kc1 52. f4 d1=Q 53. Qxd1+ Kxd1 54. f5 Kc2 55. f6 Kxb2 56. f7 Kxa3 57. f8=Q+ b4 58. Qc5 a6 59. Qa5+ Kb3 60. Qxa6 Kc3 61. Qa1+ Kc2 62. Qa2+ Kc3 63. Qb1 b3 64. Kf2 b2 65. Ke3 Kb3 66. Kd4 Ka3 67. Kc4 Ka4 68. Qa2# 1-0


[Site "https://www.chess.com"]

[Event "Titled Tuesday Blitz July 25 Late 2023"]
[White "Sarana, Alexey"]
[Black "Tanenbaum, Zachary"]
[WhiteFideId "24133795"]
[BlackFideId "2060850"]
[WhiteElo "3030"]
[BlackElo "2749"]
[Result "1-0"]
[Round "8"]
[TimeControl "180+2"]
[Date "2023.07.25"]
[WhiteClock "0:00:16"]
[BlackClock "0:00:01"]
[Board "16"]

1. d4 d5 2. c4 dxc4 3. e3 e5 4. Bxc4 Nc6 5. Nf3 e4 6. Nfd2 Qg5 7. Nxe4 Qxg2 8. Ng3 Qh3 9. Nc3 Bd6 10. Qh5 Qxh5 11. Nxh5 g6 12. Ng3 Nf6 13. Bd2 a6 14. Nce4 Nxe4 15. Nxe4 Be7 16. d5 Bf5 17. Ng3 Ne5 18. Bc3 f6 19. Nxf5 Nxc4 20. Nd4 O-O-O 21. e4 Nd6 22. f3 Nb5 23. O-O-O Nxd4 24. Bxd4 Rhe8 25. Rhe1 Rd7 26. Re2 Bd8 27. Bc3 c6 28. Rc2 Kb8 29. dxc6 Rxd1+ 30. Kxd1 bxc6 31. Rd2 Kc8 32. Rd6 Kc7 33. Rd3 Be7 34. Ba5+ Kc8 35. Rc3 Kd7 36. Rb3 Bd8 37. Rd3+ Ke7 38. Bb4+ Kf7 39. Rd7+ Be7 40. Ra7 Ke6 41. Bxe7 Rxe7 42. Rxa6 Kd6 43. Kd2 f5 44. Ke3 g5 45. b4 g4 46. b5 Kc5 47. Rxc6+ Kxb5 48. Rf6 fxe4 49. fxg4 Ra7 50. Kxe4 Rxa2 51. Rh6 Ra7 52. h4 Kc5 53. g5 Re7+ 54. Kf5 Kd4 55. Re6 Rf7+ 56. Kg4 Kd5 57. Re1 Rf2 58. Kh5 Rf4 59. Re7 Kd6 60. Rxh7 Ke6 61. Ra7 Rf3 62. Kh6 Rh3 63. h5 Kf5 64. g6 Kf6 65. Ra6+ Ke7 66. g7 Kf7 67. Ra7+ Kf6 68. g8=Q Rf3 69. Qg5+ Ke6 70. Re7+ 1-0


[Site "https://www.chess.com"]

[Event "Titled Tuesday Blitz July 25 Late 2023"]
[White "Remizov, Yaroslav"]
[Black "Paravyan, David"]
[WhiteFideId "34134015"]
[BlackFideId "4194985"]
[WhiteElo "2747"]
[BlackElo "3004"]
[Result "0-1"]
[Round "8"]
[TimeControl "180+2"]
[Date "2023.07.25"]
[WhiteClock "0:00:00"]
[BlackClock "0:02:31"]
[Board "17"]

1. e4 e5 2. Nf3 Nf6 3. Nxe5 d6 4. Nf3 Nxe4 5. d3 Nf6 6. d4 d5 7. Bd3 Bd6 8. Qe2+ Be7 9. O-O O-O 10. c3 Re8 11. h3 c5 12. Qc2 Nc6 13. dxc5 Bxc5 14. Nbd2 Bb6 15. Nb3 Ne4 16. Nfd4 Nxd4 17. Nxd4 Qd6 18. Re1 Bc7 19. Nf3 Qf6 20. Bg5 Qg6 21. c4 Bf5 22. cxd5 Nxg5 23. Nh4 Nxh3+ 24. Kh1 Qd6 25. g3 Bxd3 26. Qa4 Qxd5+ 0-1


[Site "https://www.chess.com"]

[Event "Titled Tuesday Blitz July 25 Late 2023"]
[White "Kramnik, Vladimir"]
[Black "Yanchenko, Roman"]
[WhiteFideId "4101588"]
[BlackFideId "4137329"]
[WhiteElo "2994"]
[BlackElo "2741"]
[Result "1-0"]
[Round "8"]
[TimeControl "180+2"]
[Date "2023.07.25"]
[WhiteClock "0:00:23"]
[BlackClock "0:00:00"]
[Board "18"]

1. c4 e6 2. Nf3 d5 3. e3 Nf6 4. d4 Be7 5. Nc3 O-O 6. h3 a6 7. b3 h6 8. Bb2 b6 9. Bd3 Bb7 10. cxd5 exd5 11. O-O Nbd7 12. Rc1 Bd6 13. Rc2 Re8 14. Ne2 Ne4 15. Qa1 Qe7 16. Ne5 Bxe5 17. dxe5 Nec5 18. Bf5 Nxe5 19. f4 Ng6 20. Bxg7 Nh4 21. Ng3 Qxe3+ 22. Kh2 Qxg3+ 23. Kxg3 Nxf5+ 24. Kh2 Nxg7 25. f5 a5 26. Qf6 d4 27. Qxh6 f6 28. Qxf6 d3 29. Rb2 Rf8 30. Qg6 Be4 31. g4 Rad8 32. Qg5 Rd5 33. h4 Nd7 34. h5 Kh8 35. Qh6+ Kg8 36. f6 Nxf6 37. Rxf6 Rxf6 38. Qxf6 d2 39. h6 Ne8 40. Qe6+ Kh8 41. Qxe8+ Kh7 42. Qxe4+ 1-0


[Site "https://www.chess.com"]

[Event "Titled Tuesday Blitz July 25 Late 2023"]
[White "Alex_Sahakyan2006"]
[Black "He, Anthony"]
[BlackFideId "2088215"]
[WhiteElo "2736"]
[BlackElo "2976"]
[Result "0-1"]
[Round "8"]
[TimeControl "180+2"]
[Date "2023.07.25"]
[WhiteClock "0:00:02"]
[BlackClock "0:02:10"]
[Board "19"]

1. Nh3 e5 2. d4 exd4 3. Qxd4 Nc6 4. Qd1 d5 5. Nf4 Nf6 6. e3 Bd6 7. Bb5 O-O 8. O-O Ne7 9. Be2 Bf5 10. c4 Bxf4 11. exf4 d4 12. Bd3 Qd7 13. Na3 c5 14. Nc2 Rfe8 15. b4 b6 16. bxc5 bxc5 17. Re1 Ng6 18. Rb1 Rxe1+ 19. Nxe1 Re8 20. Bd2 h6 21. Qc2 Bxd3 22. Nxd3 Qf5 23. Re1 Rb8 24. h3 Nh4 25. Rb1 Re8 26. Re1 Rc8 27. Re5 Qg6 28. Ne1 Nf3+ 29. Kf1 Qxc2 30. Nxc2 Nxd2+ 0-1


[Site "https://www.chess.com"]

[Event "Titled Tuesday Blitz July 25 Late 2023"]
[White "Korchmar, Vasiliy"]
[Black "Anton Guijarro, David"]
[WhiteFideId "24131750"]
[BlackFideId "2285525"]
[WhiteElo "2701"]
[BlackElo "2969"]
[Result "0-1"]
[Round "8"]
[TimeControl "180+2"]
[Date "2023.07.25"]
[WhiteClock "0:00:00"]
[BlackClock "0:00:08"]
[Board "20"]

1. e4 c6 2. d4 a6 3. Bd3 d5 4. e5 c5 5. c3 Nc6 6. Ne2 g6 7. O-O Bg7 8. Bg5 Nh6 9. Ng3 cxd4 10. cxd4 Nxd4 11. Qa4+ Nc6 12. Re1 O-O 13. Qh4 Ng4 14. e6 Bxe6 15. Rxe6 Nxf2 16. Re3 Nxd3 17. Nf5 Qb6 18. Nxg7 Qxb2 19. Rh3 Qxg7 20. Bd2 h5 21. Bc3 d4 22. Bd2 Nde5 23. Na3 Ng4 0-1


[Site "https://www.chess.com"]

[Event "Titled Tuesday Blitz July 25 Late 2023"]
[White "Svane, Rasmus"]
[Black "Fisher_TheGalactic"]
[WhiteFideId "4657101"]
[WhiteElo "2956"]
[BlackElo "2693"]
[Result "1-0"]
[Round "8"]
[TimeControl "180+2"]
[Date "2023.07.25"]
[WhiteClock "0:01:19"]
[BlackClock "0:00:16"]
[Board "21"]

1. Nf3 d5 2. g3 e6 3. Bg2 Nf6 4. O-O Be7 5. c4 O-O 6. b3 c5 7. cxd5 exd5 8. d4 Nc6 9. Bb2 Be6 10. Nc3 Rc8 11. Rc1 Qa5 12. dxc5 Bxc5 13. Na4 Be7 14. Qd2 Qxd2 15. Nxd2 Rfd8 16. Nc5 Bxc5 17. Rxc5 Nd7 18. Rcc1 Ne7 19. Nf3 Rxc1 20. Rxc1 Rc8 21. Rxc8+ Nxc8 22. Nd4 a6 23. f4 Nd6 24. Ba3 Nb5 25. Nxb5 axb5 26. e4 Nb6 27. Bc5 Nd7 28. Bd4 dxe4 29. Bxe4 b6 30. f5 Bxb3 31. axb3 Nc5 32. Bd5 g6 33. f6 h5 34. Bxc5 bxc5 35. Bc6 c4 36. b4 c3 37. Be4 Kf8 38. Kf2 Ke8 39. Ke3 Kd7 40. Kd4 Ke6 41. Kxc3 Kxf6 42. Bd3 Ke5 43. Bxb5 f5 44. Be8 f4 45. gxf4+ Kxf4 46. Bxg6 h4 47. b5 Ke5 48. Kc4 Kd6 49. Kd4 Kc7 50. Kc5 Kb7 51. b6 Kb8 52. Kc6 Kc8 53. h3 Kb8 54. b7 1-0


[Site "https://www.chess.com"]

[Event "Titled Tuesday Blitz July 25 Late 2023"]
[White "Maksimovic, Bojan"]
[Black "Gubajdullin, Alexei"]
[WhiteFideId "14408120"]
[BlackFideId "4141202"]
[WhiteElo "2900"]
[BlackElo "2683"]
[Result "0-1"]
[Round "8"]
[TimeControl "180+2"]
[Date "2023.07.25"]
[WhiteClock "0:00:00"]
[BlackClock "0:00:34"]
[Board "23"]

1. Nf3 Nf6 2. g3 g6 3. Bg2 Bg7 4. O-O O-O 5. d3 d6 6. Nbd2 e5 7. e4 Nbd7 8. Re1 Nc5 9. b4 Ne6 10. c3 Ng4 11. h3 Nh6 12. Bb2 f5 13. Qc2 f4 14. d4 g5 15. d5 g4 16. dxe6 gxf3 17. Nxf3 Bxe6 18. c4 fxg3 19. fxg3 Bxh3 20. Bxh3 Rxf3 21. Kg2 Rf6 22. Rf1 Rg6 23. Rf3 Kh8 24. Raf1 Bf6 25. c5 Bg5 26. Kh2 Qg8 27. a4 Qg7 28. cxd6 cxd6 29. Qd3 Rg8 30. R1f2 Bd8 31. Bc1 Bb6 32. Rf1 Ng4+ 33. Kg2 h5 34. Bd2 h4 35. Be1 Qh6 36. Bxg4 Rxg4 37. Rf6 Qg7 38. Rf7 Qg6 39. R7f6 Qxe4+ 40. Qxe4 Rxe4 41. Rh6+ Kg7 42. Rxd6 hxg3 43. Bxg3 Rg4 44. Kh3 Rg5 45. Bh4 Rg6 46. Rd7+ Kh6 47. Rff7 Rg1 48. Rh7+ Kg6 49. Rxb7 Kf5 50. Rhf7+ Ke4 51. Kh2 R8g2+ 52. Kh3 Be3 53. Rbe7 Bf4 0-1


[Site "https://www.chess.com"]

[Event "Titled Tuesday Blitz July 25 Late 2023"]
[White "Rodrigue-Lemieux, Shawn"]
[Black "Omelja, Artem"]
[WhiteFideId "2620049"]
[BlackFideId "14119846"]
[WhiteElo "2886"]
[BlackElo "2643"]
[Result "1-0"]
[Round "8"]
[TimeControl "180+2"]
[Date "2023.07.25"]
[WhiteClock "0:00:31"]
[BlackClock "0:00:02"]
[Board "24"]

1. d4 d5 2. a3 Nf6 3. Nf3 Bf5 4. Bf4 e6 5. e3 c5 6. Bxb8 Qxb8 7. Bb5+ Kd8 8. O-O a6 9. Bd3 Bg4 10. h3 Bh5 11. c4 Bd6 12. dxc5 Bxc5 13. Nc3 Ke7 14. cxd5 exd5 15. Be2 Rd8 16. Rc1 Kf8 17. Nb5 Bb6 18. Nbd4 Qd6 19. Nh4 Bxd4 20. Nf5 Qd7 21. Nxd4 Bg6 22. Qb3 Rac8 23. Rfd1 h6 24. Qb6 Ne4 25. Bg4 Rxc1 26. Rxc1 Qd6 27. Qxb7 Nc5 28. Qa7 Nd3 29. Rc6 Qe5 30. Rxg6 fxg6 31. Ne6+ Ke8 32. Nxg7+ Kf8 33. Ne6+ Kg8 34. Nxd8 Qxb2 35. Be6+ Kh8 36. Nf7+ Kg7 37. Ne5+ Kf6 38. Qf7+ Kxe5 39. Bxd5 Qc1+ 40. Kh2 Kd6 41. Qxg6+ Kc5 42. Qxd3 Qa1 43. Qc4+ Kd6 44. Qc6+ Ke5 45. Qe6# 1-0


[Site "https://www.chess.com"]

[Event "Titled Tuesday Blitz July 25 Late 2023"]
[White "musclemonster12"]
[Black "Ashraf, Artin"]
[BlackFideId "22514805"]
[WhiteElo "2637"]
[BlackElo "2847"]
[Result "0-1"]
[Round "8"]
[TimeControl "180+2"]
[Date "2023.07.25"]
[WhiteClock "0:00:13"]
[BlackClock "0:00:14"]
[Board "25"]

1. Nf3 Nf6 2. c4 e6 3. Nc3 Bb4 4. Qc2 Bxc3 5. Qxc3 O-O 6. e3 b6 7. a3 a5 8. Be2 a4 9. d3 Bb7 10. e4 d6 11. Be3 Nbd7 12. O-O c5 13. e5 dxe5 14. Nxe5 Nxe5 15. Qxe5 Nd7 16. Qc3 e5 17. f4 Re8 18. Bg4 Nf6 19. Bf3 Bxf3 20. Rxf3 e4 21. dxe4 Nxe4 22. Qc2 f5 23. Rd1 Qf6 24. Rd5 Red8 25. Bf2 Rxd5 26. cxd5 Qd6 27. Qc4 Rd8 28. Qxa4 Qxd5 29. h3 Qd1+ 30. Qxd1 Rxd1+ 31. Kh2 Rd2 32. Bh4 Rxb2 33. Bd8 c4 34. Bc7 Rb3 35. Be5 c3 36. Rf1 Rxa3 37. Rc1 b5 38. g4 Ra2+ 39. Kg1 b4 40. g5 b3 41. Rd1 b2 42. Rd8+ Kf7 43. Rd7+ Ke6 44. Rb7 Ra1+ 45. Kg2 b1=Q 0-1


[Site "https://www.chess.com"]

[Event "Titled Tuesday Blitz July 25 Late 2023"]
[White "Barria Santos, Jose Guilherme"]
[Black "Bartel, Mateusz"]
[WhiteFideId "1939300"]
[BlackFideId "1112635"]
[WhiteElo "2614"]
[BlackElo "2836"]
[Result "0-1"]
[Round "8"]
[TimeControl "180+2"]
[Date "2023.07.25"]
[WhiteClock "0:00:00"]
[BlackClock "0:00:09"]
[Board "26"]

1. e4 g6 2. d4 Bg7 3. Be3 c5 4. Nc3 cxd4 5. Bxd4 Nf6 6. Nf3 Nc6 7. Be3 O-O 8. h3 d6 9. Qd2 Be6 10. Bh6 Rc8 11. h4 Qa5 12. Bd3 Bxh6 13. Qxh6 Ng4 14. Qd2 h5 15. Ng5 Nce5 16. f3 Nf6 17. Nxe6 fxe6 18. Be2 Nc4 19. Bxc4 Rxc4 20. Ne2 Qe5 21. O-O-O Rfc8 22. c3 b5 23. Kb1 a5 24. Qg5 Qxg5 25. hxg5 Nh7 26. Nf4 Kf7 27. Nh3 e5 28. Rd5 Rb8 29. Kc2 Nf8 30. b3 Rc6 31. f4 exf4 32. Nxf4 Ne6 33. Nxe6 Kxe6 34. Rf1 a4 35. Kd3 axb3 36. axb3 Rbc8 37. Rc1 Rc5 38. c4 Kd7 39. Kd4 bxc4 40. Rxc4 Rxd5+ 41. exd5 Rf8 42. Ra4 Rf4+ 43. Kc3 Rf5 44. Ra7+ Ke8 45. Kc4 Rxg5 46. b4 Rxg2 47. b5 Rb2 48. Ra3 h4 0-1


[Site "https://www.chess.com"]